 Dungeon Crawl Stone Soup version 0.20.0-8-g6b59dc7 (webtiles) character file.

97638 Darkell the Eclecticist (level 15, -5/76 HPs)
             Began as a Deep Elf Fire Elementalist on June 1, 2017.
             Was a High Priest of Vehumet.
             Killed from afar by Roxanne (66 damage)
             ... with a crystal spear
             ... on level 14 of the Dungeon.
             The game lasted 01:43:10 (31095 turns).

Darkell the Eclecticist (DEFE)                     Turns: 31095, Time: 01:43:11

Health: -5/76      AC:  8    Str: 11    XL:     15   Next: 72%
Magic:  21/49      EV: 17    Int: 27    God:    Vehumet [*****.]
Gold:   2161       SH:  6    Dex: 18    Spells: 9/52 levels left

rFire    + . .     SeeInvis +   j - staff of conjuration
rCold    . . .     Gourm    +   J - +1 buckler
rNeg     . . .     Faith    .   S - +0 troll leather armour
rPois    .         Spirit   .   U - +2 hat
rElec    .         Reflect  .   f - +0 cloak "Vobratit" {MR- rCorr Str+4}
rCorr    +         Harm     .   F - +0 pair of gloves
MR       .....                  (no boots)
Stlth    ++........             o - amulet of the gourmand
Regen    0.7/turn               q - ring of protection from fire
MPRegen  0.4/turn               B - ring "Towauduus" {MP+9 Str+2 Dex+3 SInv Stlth-}

@: deflect missiles
A: wild magic 1, sturdy frame 1
a: Renounce Religion


You were on level 14 of the Dungeon.
You worshipped Vehumet.
Vehumet was extremely pleased with you.
You were not hungry.

You visited 4 branches of the dungeon, and saw 23 of its levels.
You also visited: Labyrinth.

You collected 2460 gold pieces.
You spent 299 gold pieces at shops.

Inventory:

Hand Weapons
 h - a +4 short sword
Armour
 a - a +0 robe
 f - the +0 cloak "Vobratit" (worn) {MR- rCorr Str+4}
   (You found it on level 5 of the Lair of Beasts)

   It affects your strength (+4).
   It affects your resistance to hostile enchantments.
   It protects you from acid and corrosion.
 F - a +0 pair of gloves (worn)
 J - a +1 buckler (worn)
 S - a +0 troll leather armour (worn)
 U - a +2 hat (worn)
Magical Staves
 j - an uncursed staff of conjuration (weapon)
 s - an uncursed staff of energy
 u - an uncursed staff of earth
 G - an uncursed staff of summoning
 N - an uncursed staff of wizardry
 Q - an uncursed staff of power
 Y - a cursed staff of cold
Jewellery
 e - an uncursed amulet of faith
 k - an uncursed ring of ice
 o - an amulet of the gourmand (around neck)
 q - a ring of protection from fire (left hand)
 x - an uncursed ring of stealth
 B - the ring "Towauduus" (right hand) {MP+9 Str+2 Dex+3 SInv Stlth-}
   (You found it on level 6 of the Dungeon)

   [ring of magical power]

   It affects your strength (+2).
   It affects your dexterity (+3).
   It affects your magic capacity (+9).
   It lets you see invisible.
   It makes you less stealthy.
 E - an uncursed ring of see invisible
 H - a +5 ring of dexterity
 O - an uncursed ring of protection from cold
 Z - a +4 amulet of reflection
Wands
 b - a wand of confusion (21/48)
 m - a wand of iceblast (9/15)
 r - a wand of iceblast (8/15)
 L - a wand of paralysis (9/24)
 R - a wand of acid (5/15)
Scrolls
 d - 2 scrolls of teleportation
 i - 2 scrolls of recharging {unknown}
 p - 11 scrolls of identify
 v - 11 scrolls of remove curse
 D - a scroll of blinking
 K - a scroll of amnesia
 V - a scroll of fear
 X - a scroll of torment {unknown}
Potions
 t - 5 potions of mutation
 w - 11 potions of curing
 I - a potion of flight
 M - 4 potions of brilliance
 P - 4 potions of haste
 T - 6 potions of heal wounds
Books
 A - a book of Burglary

   Spells                             Type                      Level
   a - Swiftness                      Charms/Air                   2
   b - Passwall                       Transmutation/Earth          2
   c - Passage of Golubria            Translocation                4
   d - Lee's Rapid Deconstruction     Earth                        5
   e - Darkness                       Hexes                        6
   f - Invisibility                   Hexes                        6
 W - a book of Party Tricks

   Spells                             Type                      Level
   a - Summon Butterflies             Summoning                    1
   b - Apportation                    Translocation                1
   c - Lesser Beckoning               Translocation                3
   d - Tukima's Dance                 Hexes                        3
   e - Alistair's Intoxication        Transmutation/Poison         5
   f - Invisibility                   Hexes                        6
Comestibles
 c - 9 bread rations
 g - 10 meat rations
 l - 31 fruits
 C - 12 royal jellies


   Skills:
 + Level 2.5 Fighting
 + Level 2.0 Short Blades
 + Level 1.8 Armour
 + Level 7.9 Dodging
 - Level 5.0 Stealth
 + Level 2.3 Shields
 + Level 19.4 Spellcasting
 + Level 15.2 Conjurations
 * Level 10.4 Charms
 * Level 6.6 Summonings
 - Level 13.5 Fire Magic
   Level 0.4 Ice Magic
 * Level 6.1 Air Magic


You had 9 spell levels left.
You knew the following spells:

 Your Spells              Type           Power        Failure   Level  Hunger
a - Flame Tongue          Conj/Fire      #####        1%          1    None
b - Throw Flame           Conj/Fire      ######       1%          2    None
c - Conjure Flame         Conj/Fire      ########     1%          3    None
d - Sticky Flame          Conj/Fire      ########     1%          4    None
e - Fireball              Conj/Fire      ########..   1%          5    None
f - Orb of Destruction    Conj           ########..   1%          7    ####...
g - Ignite Poison         Fire/Tmut/Pois ######..     1%          3    None
h - Iskenderun's Mystic   Conj           ########     1%          4    None
i - Deflect Missiles      Chrm/Air       #######...   16%         6    ##.....
j - Monstrous Menagerie   Summ           ######....   82%         7    ####...
k - Summon Butterflies    Summ           ######..     1%          1    None


Dungeon Overview and Level Annotations

Branches:
Dungeon (14/15)            Temple (1/1) D:7            Lair (6/6) D:9
 Shoals (0/4) Lair:2       Spider (0/4) Lair:2        Slime (0/5) Lair:6
    Orc (2/2) D:9             Elf (0/3) Orc:2        Vaults (0/5) D:14

Altars:
Ashenzari
Cheibriados
Dithmenos
Elyvilon
Fedhas
Gozag
Hepliaklqana
Kikubaaqudgha
Makhleb
Nemelex Xobeh
Okawaru
Qazlal
Ru
Sif Muna
Trog
Uskayaw
Vehumet
Xom
Yredelemnul
Zin
The Shining One
Beogh
Jiyva

Shops:
D:11 =   Orc:1 ![   Orc:2 (*:[

Portals:
Trove: D:11 (give +6 demon whip)

Annotations:
D:8 exclusion: downstairs
D:14 exclusion: Roxanne, Roxanne
Lair:5 exclusion: 2 doors


Innate Abilities, Weirdness & Mutations

Your spells are a little harder to cast, but a little more powerful.
Your movements are slightly less encumbered by armour. (ER -2)


Message History

Really fire in your butterfly's direction?
Okay, then.
Casting: Orb of Destruction
Confirm with . or Enter, or press ? or * to list all spells.
Aiming: Orb of Destruction
Press: ? - help, Shift-Dir - straight line, f/p - Roxanne
Aim: Roxanne (severely damaged)
You feel a surge of power!
Roxanne mumbles some strange words.
Your butterfly blinks!
Casting: Orb of Destruction
Confirm with . or Enter, or press ? or * to list all spells.
Aiming: Orb of Destruction
Press: ? - help, Shift-Dir - straight line, f/p - Roxanne
Aim: Roxanne (severely damaged)
You feel a surge of power!
Roxanne casts a spell.
The crystal spear hits you!
Ouch! That really hurt!
You die...

.#####.....#
##.≈≈≈#...#...#
.....####..#
#..≈≈#########
####.####..# #.#..#
...#...##..## #^####
.#......##..######..#
.#####...........##.######
...#####....####..#......#
.#...# #.....b..b..bb....#
.###.# #.....###@.##.....#
.# #.###......###*.......#
.# #.<.)#####......b.....#
.# ####.###....##..8..####
.. #..##.##..#.....# ##.
##.##.###.....#.# ##
#.......###....#
#.......#.......##
####....# #### .


You could see Roxanne.

Vanquished Creatures
  Gastronok (Lair:2)
  An orc warlord (Orc:2)
  Snorg (Lair:3)
  A minotaur (Lab)
  Fannar (Lair:3)
  5 vault guards (D:14)
  6 centaur warriors
  Erica (Lair:2)
  5 hydras
  A tengu warrior (D:14)
  3 two-headed ogres (D:9)
  A death knight (D:11)
  2 orc high priests (Orc:2)
  Sonja (Lair:4)
  6 hell knights (D:13)
  Nergalle (Orc:1)
  A deep elf knight (D:14)
  A skeletal warrior (D:11)
  4 unseen horrors
  3 orc knights (Orc:2)
  2 wizards
  2 necromancers (D:13)
  2 ugly things
  2 manticores
  2 orc sorcerers
  3 cyclopes
  2 centaur zombies
  19 elephants
  Joseph (D:8)
  5 black mambas
  2 torpor snails (Lair:6)
  2 gargoyles
  7 spiny frogs
  3 freezing wraiths
  A yaktaur (D:14)
  A rime drake (Lair:2)
  8 komodo dragons
  2 ice devils (Lair:2)
  A tengu conjurer (D:14)
  An efreet (D:12)
  A jumping spider (Lair:2)
  4 polar bears
  A queen bee (Lair:1)
  4 hornets (Lair:6)
  5 trolls
  13 slime creatures (D:14)
  6 hippogriffs
  6 dream sheep (Lair:6)
  16 blink frogs
  A redback (Lair:2)
  11 spriggans (Lair:6)
  A vampire (D:10)
  2 shadows
  A human (D:14)
  A yak (shapeshifter) (D:13)
  55 yaks
  A wraith (D:11)
  3 wyverns
  2 hungry ghosts
  4 vampire mosquitoes (D:14)
  A steam dragon (D:9)
  3 basilisks
  2 wargs (Orc:2)
  Menkaure (D:6)
  13 porcupines
  13 water moccasins
  7 hell hounds (D:13)
  37 orc warriors
  9 black bears
  4 ice beasts
  3 sky beasts
  5 phantoms
  56 wolves
  6 ogres
  4 boggarts (Lair:6)
  A hornet zombie (D:6)
  A necrophage (D:8)
  2 eyes of draining
  The ghost of kaze the Firebug, an amateur HOFE of Beogh (D:3)
  14 centaurs
  12 crocodiles
  A big kobold (D:13)
  16 bullfrogs
  A wyvern zombie (D:13)
  3 scorpions
  31 killer bees
  3 wights (D:9)
  5 electric eels
  2 howler monkeys (D:8)
  4 jellies
  6 crimson imps
  2 quasits
  2 bullfrog zombies
  8 hounds
  13 orc priests
  17 orc wizards
  Crazy Yiuf (D:2)
  4 bullfrog skeletons
  2 centaur skeletons
  Terence (D:3)
  4 iguanas
  6 hell rats
  15 worker ants
  3 hound skeletons
  A worker ant zombie (D:10)
  8 adders
  11 gnolls
  6 river rats (Lair:6)
  8 shadow imps
  3 oozes
  An adder zombie (D:5)
  2 adder skeletons
  2 worms
  2 dart slugs (D:2)
  9 leopard geckos
  62 orcs
  5 bats
  5 giant cockroaches
  7 goblins
  5 hobgoblins
  10 jackals
  6 quokkas
  A ball python (D:1)
  5 frilled lizards
  10 kobolds
  A quokka zombie (D:9)
  12 rats
  5 fungi
  6 plants
790 creatures vanquished.

Vanquished Creatures (others)
  A wolf (Lair:2)
  A bullfrog (Lair:2)
  49 fungi
  24 plants
75 creatures vanquished.

Grand Total: 865 creatures vanquished

Notes
Turn   | Place    | Note
-------+----------+-------------------------------------------
     0 | D:1      | Darkell the Deep Elf Fire Elementalist began the quest for the Orb.
     0 | D:1      | Reached XP level 1. HP: 10/10 MP: 6/6
   241 | D:1      | Reached XP level 2. HP: 15/15 MP: 6/8
   443 | D:1      | Found a shattered altar of Ashenzari.
   799 | D:2      | Reached XP level 3. HP: 15/19 MP: 3/10
  1008 | D:2      | Learned a level 2 spell: Throw Flame
  1012 | D:2      | Learned a level 3 spell: Conjure Flame
  1319 | D:2      | Reached skill level 4 in Spellcasting
  1345 | D:2      | Reached XP level 4. HP: 24/24 MP: 10/12
  1369 | D:2      | Found a runed door.
  1623 | D:2      | Learned a level 4 spell: Sticky Flame
  1711 | D:2      | Noticed Crazy Yiuf
  1714 | D:2      | Killed Crazy Yiuf
  1820 | D:3      | Found a radiant altar of Vehumet.
  1825 | D:3      | Became a worshipper of Vehumet
  1828 | D:3      | Found an ancient bone altar of Kikubaaqudgha.
  1829 | D:3      | Found a deep blue altar of Sif Muna.
  1832 | D:3      | Identified Sif Muna's Volume of Dislocation
  2005 | D:3      | Noticed kaze's ghost (amateur HOFE)
  2138 | D:3      | Noticed Terence
  2246 | D:3      | Killed Terence
  2246 | D:3      | Reached XP level 5. HP: 13/28 MP: 1/13
  2894 | D:3      | Killed kaze's ghost
  2894 | D:3      | Reached skill level 5 in Spellcasting
  2894 | D:3      | Reached XP level 6. HP: 32/32 MP: 2/15
  2993 | D:3      | Reached skill level 5 in Fire Magic
  3111 | D:3      | Reached * piety under Vehumet
  3111 | D:3      | Offered knowledge of Sandblast by Vehumet.
  3332 | D:4      | Reached XP level 7. HP: 36/36 MP: 10/17
  3380 | D:4      | Learned a level 5 spell: Fireball
  3625 | D:4      | Reached skill level 6 in Spellcasting
  4939 | D:5      | Entered Level 5 of the Dungeon
  5390 | D:5      | Reached skill level 7 in Spellcasting
  5551 | D:5      | Reached skill level 5 in Conjurations
  5567 | D:5      | Reached XP level 8. HP: 42/42 MP: 15/21
  5664 | D:5      | Offered knowledge of Freeze by Vehumet.
  5694 | D:5      | Reached ** piety under Vehumet
  6267 | D:5      | Reached skill level 8 in Spellcasting
  6776 | D:6      | Noticed Menkaure
  6777 | D:6      | Killed Menkaure
  6777 | D:6      | Reached skill level 1 in Fighting
  6948 | D:6      | Found a blossoming altar of Fedhas.
  7003 | D:6      | Got an ancient lapis lazuli ring
  7005 | D:6      | Identified the ring "Towauduus" {MP+9 Str+2 Dex+3 SInv Stlth-} (You found it on level 6 of the Dungeon)
  7367 | D:6      | Learned a level 1 spell: Freeze
  7402 | D:5      | Reached skill level 1 in Short Blades
  7435 | D:6      | Reached skill level 9 in Spellcasting
  7435 | D:6      | Reached XP level 9. HP: 21/47 MP: 24/24
  7949 | D:6      | Reached skill level 5 in Dodging
  8242 | D:7      | Found a staircase to the Ecumenical Temple.
  8250 | Temple   | Entered the Ecumenical Temple
  8375 | D:7      | Found a shadowy altar of Dithmenos.
  8376 | D:7      | Found a sparkling altar of Nemelex Xobeh.
  8713 | D:7      | Identified the Volume of Augmentations
  9343 | D:8      | Found a burning altar of Makhleb.
  9393 | D:8      | Offered knowledge of Ignite Poison by Vehumet.
  9393 | D:8      | Reached skill level 10 in Spellcasting
  9398 | D:8      | Learned a level 3 spell: Ignite Poison
  9425 | D:8      | Noticed a troll
  9431 | D:8      | Killed a troll
  9714 | D:8      | Noticed Joseph
  9717 | D:8      | Found a sacrificial altar of Ru.
  9732 | D:8      | Gained mutation: Your movements are slightly less encumbered by armour. (ER -2) [potion of mutation]
  9732 | D:8      | Gained mutation: Your spells are a little harder to cast, but a little more powerful. [potion of mutation]
  9739 | D:8      | Killed Joseph
  9739 | D:8      | Reached *** piety under Vehumet
  9739 | D:8      | Reached skill level 1 in Shields
  9739 | D:8      | Reached XP level 10. HP: 43/52 MP: 1/26
 10291 | D:9      | Noticed a two-headed ogre
 10619 | D:9      | Noticed a wizard
 10639 | D:9      | Killed a wizard
 10639 | D:9      | Reached skill level 11 in Spellcasting
 10773 | D:9      | Noticed a two-headed ogre
 10787 | D:9      | Offered knowledge of Iskenderun's Mystic Blast by Vehumet.
 10793 | D:9      | Learned a level 4 spell: Iskenderun's Mystic Blast
 10814 | D:9      | Killed a two-headed ogre
 10814 | D:9      | Reached skill level 10 in Fire Magic
 11010 | D:9      | Found a staircase to the Lair.
 11304 | D:9      | Reached skill level 12 in Spellcasting
 11617 | D:9      | Killed a two-headed ogre
 11617 | D:9      | Reached XP level 11. HP: 57/57 MP: 29/29
 11890 | D:9      | Found a staircase to the Orcish Mines.
 11895 | D:9      | Reached **** piety under Vehumet
 11899 | D:9      | Found a roughly hewn altar of Beogh.
 12019 | D:9      | Found a deep blue altar of Sif Muna.
 12294 | D:9      | Noticed a two-headed ogre
 12305 | D:9      | Killed a two-headed ogre
 12475 | D:9      | Offered knowledge of Irradiate by Vehumet.
 12578 | Lair:1   | Entered Level 1 of the Lair of Beasts
 12599 | Lair:1   | Reached skill level 13 in Spellcasting
 12862 | Lair:1   | Reached skill level 10 in Conjurations
 13635 | Lair:1   | Reached ***** piety under Vehumet
 13994 | Lair:1   | Reached skill level 14 in Spellcasting
 14002 | Lair:1   | Offered knowledge of Olgreb's Toxic Radiance by Vehumet.
 14002 | Lair:1   | Reached XP level 12. HP: 62/62 MP: 15/32
 14748 | Lair:2   | Found a staircase to the Shoals.
 14767 | Lair:2   | Noticed Erica
 14770 | Lair:2   | Noticed Gastronok
 14983 | Lair:3   | Noticed Snorg
 14992 | Lair:3   | Killed Snorg
 15053 | Lair:3   | Found a labyrinth entrance.
 15065 | Lab      | Entered a labyrinth
 15554 | Lab      | Noticed a minotaur
 15561 | Lab      | Killed a minotaur
 15732 | Lair:3   | Noticed Fannar
 15734 | Lair:3   | Killed Fannar
 15967 | Lair:3   | Reached skill level 15 in Spellcasting
 17020 | Lair:2   | Noticed an eight-headed hydra
 17027 | Lair:2   | Killed an eight-headed hydra
 17228 | Lair:2   | Killed Gastronok
 17228 | Lair:2   | Reached XP level 13. HP: 51/67 MP: 19/34
 17375 | Lair:2   | Killed Erica
 18047 | Lair:2   | Got a spiked plate armour
 18058 | Lair:2   | Identified the +2 plate armour "Requizuf" {rC+} (You found it on level 2 of the Lair of Beasts)
 18109 | Lair:2   | Found a hole to the Spider Nest.
 18140 | Lair:2   | Reached skill level 16 in Spellcasting
 18499 | Lair:1   | Learned a level 6 spell: Deflect Missiles
 18507 | Lair:1   | Learned a level 7 spell: Monstrous Menagerie
 18847 | Lair:2   | Reached skill level 5 in Stealth
 18997 | Lair:4   | Reached skill level 1 in Charms
 19110 | Lair:4   | Reached skill level 1 in Summonings
 19147 | Lair:4   | Noticed Sonja
 19148 | Lair:4   | Killed Sonja
 19390 | Lair:4   | Offered knowledge of Orb of Destruction by Vehumet.
 19493 | Lair:3   | Learned a level 7 spell: Orb of Destruction
 20107 | Lair:5   | Got a shimmering cloak
 20260 | Lair:5   | Identified the cursed +0 cloak "Vobratit" {MR- rCorr Str+4} (You found it on level 5 of the Lair of Beasts)
 20702 | Lair:5   | Reached skill level 5 in Charms
 20702 | Lair:5   | Reached skill level 17 in Spellcasting
 21166 | Lair:6   | Entered Level 6 of the Lair of Beasts
 21170 | Lair:6   | Reached skill level 1 in Air Magic
 21358 | Lair:6   | Reached XP level 14. HP: 21/72 MP: 28/37
 22297 | Lair:6   | Learned a level 1 spell: Summon Butterflies
 22741 | Lair:6   | Found a viscous altar of Jiyva.
 22742 | Lair:6   | Found a staircase to the Slime Pits.
 23602 | Orc:1    | Entered Level 1 of the Orcish Mines
 23602 | Orc:1    | Found Yrhyviti's Antique Armour Boutique.
 23610 | Orc:1    | Found Homoonocs's Distillery.
 23630 | Orc:1    | Bought a potion of heal wounds for 80 gold pieces
 23725 | Orc:2    | Entered Level 2 of the Orcish Mines
 23782 | Orc:2    | Reached ****** piety under Vehumet
 24034 | Orc:2    | Noticed an orc warlord
 24201 | Orc:2    | Found Zil Raa's Antique Armour Shoppe.
 24220 | Orc:1    | Found a shimmering altar of Xom.
 24220 | Orc:1    | Noticed Nergalle
 24224 | Orc:1    | Reached skill level 18 in Spellcasting
 24224 | Orc:1    | Killed Nergalle
 24416 | Orc:1    | Reached skill level 5 in Summonings
 24814 | Orc:2    | Killed an orc warlord
 24912 | Orc:2    | Found Cyesue's Antique Weapon Emporium.
 25020 | Orc:2    | Found Fyeryfan's General Store.
 25054 | Orc:2    | Found Fueskum's Book Emporium.
 25132 | Orc:2    | Found a staircase to the Elven Halls.
 25661 | D:10     | Entered Level 10 of the Dungeon
 26550 | D:11     | Found Cuprum's Jewellery Boutique.
 26560 | D:11     | Bought a +3 amulet of reflection for 219 gold pieces
 27020 | D:11     | Found a portal to a secret trove of treasure.
 27783 | D:12     | Offered knowledge of Venom Bolt by Vehumet.
 28138 | D:12     | Reached XP level 15. HP: 76/76 MP: 39/39
 28952 | D:13     | Reached skill level 5 in Air Magic
 29423 | D:13     | Reached skill level 1 in Armour
 29750 | D:14     | Reached skill level 19 in Spellcasting
 29893 | D:14     | Offered knowledge of Bolt of Fire by Vehumet.
 30115 | D:14     | Reached skill level 15 in Conjurations
 30342 | D:14     | Reached skill level 10 in Charms
 30736 | D:14     | Found a gate to the Vaults.
 31044 | D:14     | Noticed Roxanne
 31095 | D:14     | Killed from afar by Roxanne

Skill      XL: |  1  2  3  4  5  6  7  8  9 10 11 12 13 14 15 |
---------------+----------------------------------------------+-----
Dodging        | 3 4 5 6 7 |  7.9
Fire Magic     | 4 5 6 7 9 10 11 13 | 13.5
Spellcasting   | 4 5 7 9 10 12 14 15 17 18 19 | 19.4
Conjurations   | 2 3 4 5 6 7 9 10 12 13 14 15 | 15.2
Stealth        | 3 4 5 |  5.0
Fighting       | 1 2 |  2.5
Short Blades   | 1 2 |  2.0
Shields        | 1 2 |  2.3
Charms         | 6 8 10 | 10.4
Summonings     | 3 5 6 |  6.6
Air Magic      | 1 4 6 |  6.1
Armour         | 1 |  1.8
Ice Magic      | |  0.4

Action                   |  1- 3 |  4- 6 |  7- 9 | 10-12 | 13-15 || total
-------------------------+-------+-------+-------+-------+-------++-------
Melee: Unarmed           |     1 |       |       |       |       ||     1
       Short sword       |       |    11 |    69 |       |       ||    80
       Staff             |       |       |       |     3 |     5 ||     8
 Cast: Flame Tongue      |    62 |   107 |   290 |   166 |    21 ||   646
       Conjure Flame     |       |     4 |    12 |    14 |     1 ||    31
       Throw Flame       |       |     3 |    28 |   182 |   311 ||   524
       Sticky Flame      |       |     3 |     3 |    47 |    38 ||    91
       Freeze            |       |       |     9 |     3 |       ||    12
       Fireball          |       |       |     8 |    66 |   273 ||   347
       Iskenderun's Myst |       |       |       |    27 |    75 ||   102
       Orb of Destructio |       |       |       |       |    40 ||    40
       Summon Butterflie |       |       |       |       |     3 ||     3
       Deflect Missiles  |       |       |       |       |     1 ||     1
  Use: Potion            |       |       |     6 |       |     6 ||    12
       Scroll            |       |       |     1 |    11 |    10 ||    22
  Eat: Chunk             |     1 |     6 |    16 |    18 |    44 ||    85
       Fruit             |       |     1 |     1 |     1 |       ||     3
       Meat ration       |       |       |     1 |       |       ||     1
       Royal jelly       |       |       |       |     4 |     2 ||     6
       Bread ration      |       |       |       |       |     1 ||     1
Armor: Robe              |     2 |    12 |    43 |    11 |     8 ||    76
       Troll leather arm |       |       |       |       |     4 ||     4
Dodge: Dodged            |    26 |    55 |   140 |    83 |    77 ||   381
       Deflected         |       |       |       |       |    12 ||    12
Block: Buckler           |       |       |     4 |    35 |    37 ||    76
